 Dungeon Crawl Stone Soup version 0.20.0-10-g0535bb4 (webtiles) character file.

102 IcyNumb the Poker (level 4, -1/31 HPs)
             Began as an Octopode Fighter on June 7, 2017.
             Slain by an orc wizard
             ... wielding a +0 dagger
              (3 damage)
             ... on level 3 of the Dungeon.
             The game lasted 00:04:19 (1490 turns).

IcyNumb the Poker (Octopode Fighter)                Turns: 1490, Time: 00:04:19

Health: -1/31      AC:  1    Str: 15    XL:     4   Next: 77%
Magic:  4/4        EV: 14    Int: 10    God:
Gold:   111        SH:  0    Dex: 12    Spells: 3/3 levels left

rFire    . . .     SeeInvis .   a - +0 trident
rCold    . . .     Gourm    +   (no shield)
rNeg     . . .     Faith    .   (helmet restricted)
rPois    .         Spirit   .   n - amulet of the gourmand
rElec    .         Reflect  .   (no ring)
rCorr    .         Harm     .   (no ring)
MR       .....                  (no ring)
Stlth    +++.......             (no ring)
Regen    0.1/turn               (no ring)
MPRegen  0.1/turn               (no ring)
                                (no ring)
                                (no ring)

@: no status effects
A: almost no armour, stealthy swim, amphibious, 8 rings, constrict 8, camouflage
1, gelatinous body 1
a: no special abilities


You were on level 3 of the Dungeon.
You were full.

You visited 1 branch of the dungeon, and saw 3 of its levels.

You collected 111 gold pieces.

Inventory:

Hand Weapons
 a - a +0 trident (weapon)
Armour
 b - a +0 shield
Jewellery
 n - an amulet of the gourmand (around mantle)
 s - an uncursed amulet of rage {unknown}
Wands
 o - a wand of paralysis (13/24)
Scrolls
 e - 2 scrolls of teleportation {unknown}
 f - 4 scrolls of identify {unknown}
 i - 2 scrolls of magic mapping {unknown}
 m - a scroll of noise {unknown}
 p - a scroll of fear {unknown}
 q - 2 scrolls of amnesia {unknown}
 t - a scroll of recharging {unknown}
 u - 2 scrolls of remove curse {unknown}
 y - a scroll of enchant armour {unknown}
Potions
 c - a potion of might
 g - a potion of degeneration {unknown}
 h - a potion of lignification {unknown}
 k - a potion of mutation {unknown}
 v - a potion of cancellation {unknown}
 w - a potion of invisibility {unknown}
 x - a potion of haste {unknown}
Comestibles
 d - a bread ration
 j - a meat ration
 l - a royal jelly
 r - 4 fruits


   Skills:
 + Level 3.5 Fighting
 * Level 3.7 Polearms
 - Level 3.0 Dodging
 + Level 2.8 Stealth
 - Level 3.0 Shields


You had 3 spell levels left.
You didn't know any spells.

Dungeon Overview and Level Annotations

Branches:
Dungeon (3/15)

Altars:

Annotations:
D:3 Grinder


Innate Abilities, Weirdness & Mutations

You cannot wear most types of armour.
You are very stealthy in the water. (Stealth+)
You are amphibious.
You can wear up to eight rings at the same time.
You can use your tentacles to constrict eight enemies at once.
Your skin changes colour to match your surroundings (Stealth+).
Your rubbery body absorbs attacks. (AC +1, EV +1)


Message History

Something hits you but does no damage.
You barely miss something. You squeeze something.
You hear some strange, mumbled words.
A puff of flame appears from out of thin air!
The puff of flame misses you. Something hits you.
You hit something. Something hits you.
You miss something. Something hits you.
You miss something. Something hits you but does no damage.
You closely miss something. Something hits you.
* * * LOW HITPOINT WARNING * * *
You miss something. Something hits you but does no damage.
You barely miss something.
You hear some strange, mumbled words.
A puff of flame appears from out of thin air!
The puff of flame misses you.
You closely miss something. Something hits you but does no damage.
You closely miss something. You squeeze something. Something hits you!
* * * LOW HITPOINT WARNING * * *
You closely miss something. Something hits you.
You die...

..# #.# #### #.#
#... #.# #.##
#######.########
#.#
............†..#
#.#
#######.######o#
#.## ##...## #.#
#... #.....#
#@####### ####
##.l.##
#...(...# ##.##
#######.# #.#
###.# #{# #...#
#o# #.### ...
#.# ..... ##.# #
..5.w.. ##..# ##


You could see an orc.

Vanquished Creatures
  Terence (D:2)
  2 adders
  A worm (D:2)
  2 leopard geckos
  3 orcs (D:3)
  5 giant cockroaches
  2 goblins
  5 hobgoblins
  3 jackals (D:1)
  3 quokkas
  10 bats
  3 frilled lizards
  5 kobolds
  4 rats
49 creatures vanquished.

Notes
Turn   | Place    | Note
-------+----------+-------------------------------------------
     0 | D:1      | IcyNumb the Octopode Fighter began the quest for the Orb.
     0 | D:1      | Reached XP level 1. HP: 16/16 MP: 1/1
    68 | D:1      | Reached XP level 2. HP: 19/21 MP: 2/2
   319 | D:1      | Reached skill level 1 in Stealth
   651 | D:2      | Reached XP level 3. HP: 26/26 MP: 3/3
   807 | D:2      | Noticed Terence
   893 | D:2      | Killed Terence
   893 | D:2      | Reached XP level 4. HP: 31/31 MP: 4/4
  1456 | D:3      | Noticed Grinder
  1490 | D:3      | Slain by an orc wizard

Skill      XL: |  1  2  3 |
---------------+----------+-----
Stealth        | 1 2 |  2.8
Polearms       | 3 |  3.7
Fighting       | |  3.5
Dodging        | |  3.0
Shields        | |  3.0

Action                   |  1- 3 |  4- 6 || total
-------------------------+-------+-------++-------
Melee: Trident           |    76 |    45 ||   121
       Constrict         |    13 |     5 ||    18
       Tentacles         |     8 |     3 ||    11
 Stab: Sleeping          |    10 |     4 ||    14
  Eat: Chunk             |     6 |     5 ||    11
Armor: Skin              |     9 |       ||     9
Dodge: Dodged            |    56 |    13 ||    69
